 Dungeon Crawl Stone Soup version 0.31.0-11-ge490571c62 (webtiles) character file.

Game seed: 4962992200516165919

7 qw the Shooter (level 1, 0/10 HPs)
             Began as a Spriggan Hunter on Feb 4, 2024.
             Slain by a hobgoblin (3 damage)
             ... on level 1 of the Dungeon.
             The game lasted 00:00:00 (179 turns).

qw the Shooter (Spriggan Hunter)                     Turns: 179, Time: 00:00:01

Health: 0/10       AC:  2    Str:  7    XL:     1   Next: 83%
Magic:  2/2        EV: 15    Int: 10    God:
Gold:   41         SH:  0    Dex: 18    Spells: 0/0 levels left

rFire   . . .        a - +0 shortbow
rCold   . . .        (shield currently unavailable)
rNeg    . . .        c - +0 robe
rPois   .            (helmet restricted)
rElec   .            (no cloak)
rCorr   .            (gloves unavailable)
SInv    +            (boots unavailable)
Will    .....        (no amulet)
Stlth   ++           (no ring)
HPRegen 0.21/turn    (no ring)
MPRegen 0.08/turn

%: no passive effects
@: constricted, very quick
A: very small, no large weapons, unfitting armour, see invisible, speed 3
a: no special abilities


You were on level 1 of the Dungeon.
You visited 1 branch of the dungeon, and saw 1 of its levels.

You collected 41 gold pieces.


Innate Abilities, Weirdness & Mutations

You are very small and have problems with some larger weapons.
You are too small for most types of armour.
You have supernaturally acute eyesight. (SInv)
You cover ground extremely quickly. (Speed+++)


   Skills:
 - Level 1.5 Fighting
 - Level 4.0 Ranged Weapons
 + Level 3.6 Dodging
 - Level 1.5 Stealth


You couldn't memorise any spells.
You didn't know any spells.
Your spell library was empty.

Inventory:

Hand Weapons
 a - a +0 shortbow (weapon)
Armour
 c - a +0 robe (worn)
Scrolls
 b - a scroll of butterflies

Dungeon Overview and Level Annotations

Branches:
Dungeon (1/15)

Altars:

Shops:
D:1 ((


Message History

The ball python hisses angrily.
The arrow hits the ball python!
You kill the ball python!
A ball python comes into view.
You shoot an arrow. The arrow misses the frilled lizard.
The arrow barely misses the ball python.
The frilled lizard hisses.
You shoot an arrow.
The arrow closely misses the frilled lizard.
You shoot an arrow. The arrow hits the frilled lizard!
You kill the frilled lizard!
You shoot an arrow. The arrow hits the hobgoblin.
The hobgoblin is severely wounded.
You shoot an arrow. The arrow barely misses the hobgoblin.
The hobgoblin misses you.
You shoot an arrow. The arrow barely misses the hobgoblin.
The hobgoblin hits you but does no damage.
The ball python bites you. The ball python closely misses you.
The hobgoblin barely misses you. The ball python misses you.
The ball python barely misses you.
You shoot an arrow. The arrow barely misses the hobgoblin.
The ball python closely misses you. x2; The hobgoblin barely misses you.
You shoot an arrow. The arrow closely misses the hobgoblin.
The ball python misses you. The ball python completely misses you.
The hobgoblin hits you.
Ouch! That really hurt!
The ball python misses you. The ball python completely misses you.
You shoot an arrow.
The arrow hits the hobgoblin but does no damage.
The hobgoblin is severely wounded.
The hobgoblin hits you but does no damage.
The ball python closely misses you. The ball python misses you.
You shoot an arrow. The arrow closely misses the hobgoblin.
The hobgoblin misses you. The ball python misses you.
The ball python grabs you. The ball python constricts you.
You shoot an arrow.
The arrow closely misses the ball python.
The ball python misses you. The ball python constricts you.
The hobgoblin hits you.
You die...

...... ...>. ... \... ..# ...#
..# ...# #.# ...# #.# ####g..#
#.# #..@S..# ########.#
#.#########......... #########
#.# #....##:.##..# #...'...#
###.#####.##.._..##..# #.#.#.#.#
#.........#..######...
####.#.#####..........)#.## #.##
#.........#........#.)...#####...
#.##...##.##.....#.#.###.......##
#.<#...#..#......#.#.# #...#####


You could see a hobgoblin and a ball python.

Vanquished Creatures
  A ball python (D:1)
  An endoplasm (D:1)
  A giant cockroach (D:1)
  2 frilled lizards (D:1)
  A goblin (D:1)
  A rat (D:1)
7 creatures vanquished.

Notes
Turn   | Place    | Note
-------+----------+-------------------------------------------
     0 | D:1      | qw the Spriggan Hunter began the quest for the Orb.
     0 | D:1      | Reached XP level 1. HP: 10/10 MP: 2/2
     0 | D:1      | 0 ||| qw: Version: 0.3-a-160-g6735b56
     0 | D:1      | 0 ||| qw: Game counter: 5986
     0 | D:1      | 0 ||| qw: Melee chars always use a shield: true
     0 | D:1      | 0 ||| qw: God list: Okawaru
     0 | D:1      | 0 ||| qw: Allow faded altars: false
     0 | D:1      | 0 ||| qw: Do Orc after clearing Dungeon:15 true
     0 | D:1      | 0 ||| qw: Do second Lair branch before Depths: true
     0 | D:1      | 0 ||| qw: Lair rune preference: random
     0 | D:1      | 0 ||| qw: Goals: Normal
     0 | D:1      | 0 ||| PLANNING D:1-11
    86 | D:1      | Reached skill level 3 in Dodging
   110 | D:1      | Found Xifeffed's Weapon Shoppe.
   141 | D:1      | Found a faded altar of an unknown god.
   165 | D:1      | Found Yhoxt's Weapon Shop.
   179 | D:1      | Slain by a hobgoblin

Levels and vault maps discovered:
D:1:      onia_arrival_mini_spirals, layout_loops_cross, serial_shops,
          nicolae_shop_tiny_glass, nicolae_shop_tiny_glass, shop,
          nicolae_shop_gibbet_a_chance, shop, ebering_ecumenical_altar_rust,
          chequers_serial_rivers_room_b

Skill      XL: |  1 |
---------------+----+-----
Dodging        | 3 |  3.6
Fighting       | |  1.5
Ranged Weapons | |  4.0
Stealth        | |  1.5

Action                     || total
---------------------------++-------
   Fire: Shortbow          ||    28
 Armour: Robe              ||     5
  Dodge: Dodged            ||    18

Table legend:
 A = Non-vault XP
 B = Vault XP
 C = Vault XP percentage of total XP
 D = Non-vault monster count
 E = Vault monster count
 F = Vault count percentage of total count
                 A         B        C        D         E       F
            +---------+---------+-------+---------+---------+-------
      Total |      10 |       0 |   0.0 |       7 |       0 |   0.0
            +---------+---------+-------+---------+---------+-------
        D:1 |      10 |       0 |   0.0 |       7 |       0 |   0.0
            +---------+---------+-------+---------+---------+-------
